 Dungeon Crawl Stone Soup version 0.21.1-1-g345015f (webtiles) character file.

30 inc the Insei (level 3, -3/23 HPs)
             Began as an Octopode Transmuter on June 10, 2018.
             Slain by an ooze (5 damage)
             ... on level 2 of the Dungeon.
             The game lasted 00:00:54 (903 turns).

inc the Insei (Octopode Transmuter)                  Turns: 903, Time: 00:00:54

Health: -3/23      AC:  1    Str:  9    XL:     3   Next: 18%
Magic:  6/6        EV: 13    Int: 16    God:
Gold:   91         SH:  0    Dex: 12    Spells: 5/6 levels left

rFire    + . .     SeeInvis .     - Unarmed
rCold    + . .     Gourm    .   (no shield)
rNeg     . . .     Faith    .   (helmet restricted)
rPois    +         Spirit   .   (no amulet)
rElec    +         Reflect  .   (no ring)
rCorr    +         Harm     .   (no ring)
MR       .....                  (no ring)
Stlth    ++........             (no ring)
HPRegen  0.07/turn              (no ring)
MPRegen  0.10/turn              (no ring)
                                (no ring)
                                (no ring)

@: resistant
A: almost no armour, stealthy swim, amphibious, 8 rings, constrict 8, camouflage
1, gelatinous body 1
a: no special abilities


You were on level 2 of the Dungeon.
You were not hungry.

You visited 1 branch of the dungeon, and saw 2 of its levels.

You collected 91 gold pieces.

Inventory:

Missiles
 a - 28 arrows
Jewellery
 d - a +1 ring of evasion {unknown}
Scrolls
 e - a scroll of identify {unknown}
 f - a scroll of magic mapping {unknown}
Books
 b - a book of Changes

   Spells                             Type                      Level
   a - Beastly Appendage              Transmutation                1
   b - Sticks to Snakes               Transmutation                2
   c - Spider Form                    Transmutation/Poison         3
   d - Ice Form                       Ice/Transmutation            4
   e - Blade Hands                    Transmutation                5
Comestibles
 c - 2 rations


   Skills:
 - Level 1.0 Fighting
 - Level 2.0 Dodging
 + Level 4.2 Unarmed Combat
 - Level 2.0 Spellcasting
 - Level 2.0 Transmutations


You had 5 spell levels left.
You knew the following spells:

 Your Spells              Type           Power        Failure   Level  Hunger
a - Beastly Appendage     Tmut           #.....       9%          1    #......


Dungeon Overview and Level Annotations

Branches:
Dungeon (2/15)

Altars:

Annotations:
D:2 Robin


Innate Abilities, Weirdness & Mutations

You cannot wear most types of armour.
You are very stealthy in the water. (Stealth+)
You are amphibious.
You can wear up to eight rings at the same time.
You can use your tentacles to constrict eight enemies at once.
Your skin changes colour to match your surroundings (Stealth+).
Your rubbery body absorbs attacks. (AC +1, EV +1)


Message History

A goblin comes into view. It is wielding a club.
You tentacle-slap the ooze but do no damage.
You tentacle-slap the ooze.
The ooze is almost dead.
Robin zaps a wand.
Some rock shatters into small pieces.
It is a wand of digging (9).
The ooze closely misses you.
A goblin comes into view.
Unknown command.
Robin throws the goblin at you!
You tentacle-slap the goblin but do no damage.
You grab the goblin.
You kill the goblin!
The ooze closely misses you. The hobgoblin hits you with a club.
* * * LOW HITPOINT WARNING * * *
Robin roars a battlecry!
The goblins go into a battle-frenzy!
It was a potion of resistance.
You feel protected. The ooze hits you.
You die...

.... ##)##
?....##...######
...)..)......>.g
...(.##g..######
...> #g<##
.######..#
......ggh#
.######J## #@#
#.# #.# ###


You could see Robin, an ooze, a jackal, 2 hobgoblins and a goblin.

Vanquished Creatures
  2 dart slugs (D:1)
  4 hobgoblins
  2 jackals (D:2)
  A ball python (D:1)
  3 bats (D:1)
  2 frilled lizards (D:2)
  5 goblins
  4 kobolds (D:1)
  3 rats (D:1)
26 creatures vanquished.

Notes
Turn   | Place    | Note
-------+----------+-------------------------------------------
     0 | D:1      | inc the Octopode Transmuter began the quest for the Orb.
     0 | D:1      | Reached XP level 1. HP: 13/13 MP: 3/3
   406 | D:1      | Reached XP level 2. HP: 12/18 MP: 5/5
   872 | D:2      | Reached skill level 4 in Unarmed Combat
   878 | D:2      | Reached XP level 3. HP: 23/23 MP: 6/6
   886 | D:2      | Noticed Robin
   903 | D:2      | Slain by an ooze

Skill      XL: |  1  2 |
---------------+-------+-----
Unarmed Combat | 4 |  4.2
Fighting       | |  1.0
Dodging        | |  2.0
Spellcasting   | |  2.0
Transmutations | |  2.0

Action                   || total
-------------------------++-------
Melee: Unarmed           ||    58
       Constrict         ||    13
       Tentacles         ||     8
       Punch             ||     1
  Use: Potion            ||     1
 Stab: Sleeping          ||     3
Armor: Skin              ||     4
Dodge: Dodged            ||    43
